 Dungeon Crawl Stone Soup version 0.28-a0-385-g79de503ca0 (webtiles) character file.

Game seed: 13689063120508396092

8 Cercoroba the Ruffian (level 2, -4/29 HPs)
             Began as a Troll Berserker on Sept 3, 2021.
             Was a Follower of Trog.
             Killed from afar by Sigmund (7 damage)
             ... with a puff of flame
             ... on level 2 of the Dungeon.
             The game lasted 00:00:40 (120 turns).

Cercoroba the Ruffian (Troll Berserker)              Turns: 120, Time: 00:00:41

Health: -4/29      AC:  4    Str: 24    XL:     2   Next: 0%
Magic:  1/1        EV: 10    Int:  3    God:    Trog [*.....]
Gold:   27         SH:  0    Dex:  9    Spells: 1/1 levels left

rFire   . . .      SeeInvis .     - Unarmed
rCold   . . .      Faith    .   (no shield)
rNeg    . . .      Spirit   .   a - +0 animal skin
rPois   .          Reflect  .   (helmet restricted)
rElec   .          Harm     .   (no cloak)
rCorr   .          Rampage  .   (gloves unavailable)
Will    .....                   (boots unavailable)
Stlth   +.........              (no amulet)
HPRegen 1.09/turn               (no ring)
MPRegen 0.07/turn               (no ring)

@: no status effects
A: large, unfitting armour, claws 3, regeneration 1, shaggy fur 1, tough skin 1
a: Renounce Religion, Berserk


You were on level 2 of the Dungeon.
You worshipped Trog.
Trog was aware of your devotion.
You visited 1 branch of the dungeon, and saw 2 of its levels.

You collected 27 gold pieces.

Inventory:

Armour
 a - a +0 animal skin (worn)


   Skills:
 + Level 2.6 Fighting
 + Level 2.5 Dodging
 + Level 3.1 Unarmed Combat


You had one spell level left.
You didn't know any spells.
Your spell library was empty.

Dungeon Overview and Level Annotations

Branches:
Dungeon (2/15)

Altars:

Annotations:
D:2 Sigmund


Innate Abilities, Weirdness & Mutations

You are too large for most types of armour.
You have claws for hands.
Your natural rate of healing is unusually fast.
You are covered in fur. (AC +1)
You have tough skin. (AC +1)


Message History

An endoplasm comes into view.
You closely miss the kobold.
The kobold hits you with a +0 short sword.
You closely miss the kobold.
The kobold hits you with a +0 short sword.
Sigmund the Dreaded comes into view.
He is wielding a +0 scythe.
The endoplasm quivers.
You claw the kobold!
You kill the kobold!
Trog accepts your kill.
You claw the endoplasm!
You kill the endoplasm!
Trog accepts your kill.
You have reached level 2!
Found 12 gold pieces.
Sigmund gestures wildly while chanting.
Sigmund flickers and vanishes!
Deactivating autopickup; reactivate with Ctrl-A.
Things that are here:
a +0 short sword; 4 stones Something hits you!
Found a scroll labelled IZULUTHR SIAC.
Something hits you!
You closely miss something. You scratch something but do no damage.
Something hits you.
You miss something.
You hear some strange, mumbled words.
A magic dart appears from out of thin air!
The magic dart hits you.
* * * LOW HITPOINT WARNING * * *
You scratch something but do no damage.
You hear some strange, mumbled words.
Something tries to affect you, but you resist.
You scratch something. Something hits you!
* * * LOW HITPOINT WARNING * * *
You scratch something. You closely miss something.
You hear some strange, mumbled words.
A puff of flame appears from out of thin air!
The puff of flame hits you!
You die...

#≈♣P≈≈≈♣##......††..........
♣♣≈P≈≈≈≈.......#.##.<.......
≈≈P≈≈≈≈≈≈#.....#.#####.....#
♣≈♣≈≈≈♣≈♣≈.......#####.....#
≈≈≈≈≈≈≈≈♣♣####......... ...#
≈≈≈ ♣.....#####. ..# ≈≈≈
♣≈.###)# .# ≈≈≈ ≈≈≈♣ #.# #
≈P #@# #{.?..... ........#
...##.##.# ....# .# P....$ #
≈P..... P≈≈.....


There were no monsters in sight!

Vanquished Creatures
  An endoplasm (D:2)
  2 goblins (D:1)
  2 hobgoblins
  A frilled lizard (D:2)
  A kobold (D:2)
7 creatures vanquished.

Vanquished Creatures (others)
  3 plants (D:2)
3 creatures vanquished.

Grand Total: 10 creatures vanquished

Notes
Turn   | Place    | Note
-------+----------+-------------------------------------------
     0 | D:1      | Cercoroba the Troll Berserker began the quest for the Orb.
     0 | D:1      | Reached XP level 1. HP: 22/22 MP: 0/0
   108 | D:2      | Noticed Sigmund
   111 | D:2      | Reached XP level 2. HP: 26/29 MP: 1/1
   118 | D:2      | HP: 1/29 [something (7)]
   120 | D:2      | Killed from afar by Sigmund

Illustrated notes

Levels and vault maps discovered:
D:1:      erik_arrival_blinker_ship, layout_basic, serial_bayou_lagoon_a,
          minmay_misc_feat_pillars, minmay_tree_intersection, feat_on_display
D:2:      layout_loops_cross, serial_bayou, serial_bayou_lake_a,
          serial_bayou_pond_d, serial_bayou_pond_d, serial_bayou_shore_a,
          shapermc_ecumenical_altar_notcrosses, uniq_sigmund

Action                   || total
-------------------------++-------
Melee: Unarmed           ||    23
Armor: Animal skin       ||     7
Dodge: Dodged            ||     2

Table legend: (Time is in decaauts)
 A = Elapsed time spent in this place.
 B = Non-inter-level travel time spent in this place.
 C = Inter-level travel time spent in this place.
 D = Time resting spent in this place.
 E = Time spent auto-exploring this place.
 F = Levels seen in this place.
 G = Mean time per level.
                   A        B        C        D        E       F      G
               +--------+--------+--------+--------+--------+-----+--------+
         Total |    118 |    118 |      0 |      0 |      0 |   2 |   59.0 |
       Dungeon |    118 |    118 |      0 |      0 |      0 |   2 |   59.0 |
               +--------+--------+--------+--------+--------+-----+--------+

Top non-repeatable levels by time:
     D:2: 71 daAuts
     D:1: 46 daAuts
